 Dungeon Crawl Stone Soup version 0.31-a0-963-ga325b2283a (webtiles) character file.

Game seed: 16840876754552014294

1222 lunkers the Grappler (level 9, 0/68 HPs)
             Began as a Meteoran Shapeshifter on Oct 25, 2023.
             Was a Priest of Okawaru.
             Slain by an ice devil (15 damage)
             ... on level 7 of the Dungeon.
             The game lasted 00:08:26 (1822 turns).

lunkers the Grappler (Meteoran Shapeshifter)        Turns: 1822, Time: 00:08:26

Health: 0/68       AC:  7    Str: 17    XL:     9   Next: 5%
Magic:  10/12      EV: 13    Int: 13    God:    Okawaru [***...]
Gold:   176        SH:  5    Dex: 16    Spells: 8/8 levels left

rFire   . .          .
                       - Unarmed
rCold   . . .        (no shield)
rNeg    . . .        a - +0 scale mail
rPois   .            (helmet currently unavailable)
rElec   .            (cloak currently unavailable)
rCorr   +            (gloves currently unavailable)
SInv    .            (boots currently unavailable)
Will    +....        v - amulet of reflection
Stlth   +            i - ring of resist corrosion
HPRegen 0.31/turn    (no ring)
MPRegen 0.13/turn

%: reflection
@: beast-form, heroic, glowing
A: beast (slay +3), sense surroundings 2, otherworldly, glowing, explore regen
a: Begin Untransformation, Renounce Religion, Heroism


You were on level 7 of the Dungeon.
You worshipped Okawaru.
Okawaru was most pleased with you.
You were a hulking beast.
You visited 1 branch of the dungeon, and saw 6 of its levels.

You collected 176 gold pieces.

Inventory:

Armour
 a - a +0 scale mail (worn)
 f - a +0 ring mail
 m - a +0 chain mail
 p - a +0 pair of gloves
Jewellery
 i - a ring of resist corrosion (left hand)
 v - an amulet of reflection (around neck)
Talismans
 c - a beast talisman
 d - a flux talisman
 r - a blade talisman
Wands
 s - a wand of flame (18)
Scrolls
 g - a scroll of vulnerability
 l - a scroll of poison
 q - 3 scrolls of teleportation
 u - a scroll of enchant armour {unknown}
Potions
 b - 2 potions of lignification
 e - a potion of mutation {unknown}
 h - 2 potions of curing
 j - 2 potions of invisibility
 k - a potion of heal wounds
 n - a potion of berserk rage {unknown}
 o - a potion of enlightenment {unknown}
 t - a potion of might {unknown}
 w - 2 potions of degeneration {unknown}


   Skills:
 + Level 2.7(7.7) Fighting
 + Level 3.4(8.4) Dodging
 * Level 9.3(14.3) Unarmed Combat
 + Level 3.7 Invocations
 + Level 6.6 Shapeshifting


You had 8 spell levels left.
You didn't know any spells.
Your spell library was empty.

Dungeon Overview and Level Annotations

Branches:
Dungeon (7/15) Zot: 1809   Temple (0/1) D:4

Altars:
Okawaru

Shops:
D:6 [


Innate Abilities, Weirdness & Mutations

You are a hulking beast.
Your limbs bulge with bestial killing power. (Slay +3)
You passively map the area around you.
You are easily found by Zot.
You glow in the dark.
You regain HP and MP as you explore.


Message History

The white imp shouts!
The white imp gestures at you. The puff of frost hits you!
A freezing wraith comes into view.
There is a huge open gate here.
The white imp gestures at you. The puff of frost hits you!
The white imp gestures at you. The puff of frost hits you!
Okay, then.
Okay, then.
You gain the combat prowess of a mighty hero.
The white imp gestures at you. The puff of frost hits you!
* * * LOW HITPOINT WARNING * * *
You are too injured to fight recklessly!
The white imp misses you.
You punch the white imp!
You kill the white imp!
Okawaru accepts your kill.
The ice devil attacks as it pursues you!
The ice devil hits you but does no damage.
The white imp puffs mist at you.
You hit the ice devil.
The ice devil is lightly wounded.
The ice devil hits you.
* * * LOW HITPOINT WARNING * * *
The ice devil freezes you!
* * * LOW HITPOINT WARNING * * *
You punch the ice devil!
The ice devil is moderately wounded.
The ice devil hits you but does no damage.
You hit the ice devil.
The ice devil is heavily wounded.
You hit the ice devil.
The ice devil is heavily wounded.
The ice devil hits you!
* * * LOW HITPOINT WARNING * * *
The ice devil freezes you!
You die...

*
...#..................####.###
*###................(# #.# ,
#.#......##.......# #.# , ,
#.#...............###.# ,,,
#....####...##.....[#.# ,,
,....... +.............# ,
####.### #...##......### ,
,,... ####5..##......# * , ...
#.h45W5........# * * ...,
#####'5''####..# * ,
*#..........####* , , ~
................ , , ,
**.)......#~~#.... * ,
,..##.4#5~##~..## ,, * ,5
#..~## ~..# * , * ,**~ #..W
..# , , * * ...# ~* .... ,**


You could see an ice devil, a freezing wraith and 4 white imps.

Vanquished Creatures
  A water moccasin (D:6)
  An ice beast (D:7)
  An ogre (D:3)
  A bullfrog (D:6)
  3 scorpions
  3 wights (D:6)
  2 electric eels (D:6)
  A gnoll bouda (D:7)
  3 orc priests (D:6)
  4 iguanas
  An orc wizard (D:7)
  7 adders
  9 gnolls
  2 white imps (D:7)
  A dart slug (D:3)
  10 orcs
  10 ball pythons
  5 bats
  9 endoplasms
  4 giant cockroaches
  3 goblins
  5 hobgoblins
  2 kobolds
  A quokka (D:4)
  2 frilled lizards
  5 rats
96 creatures vanquished.

Notes
Turn   | Place    | Note
-------+----------+-------------------------------------------
     0 | D:1      | lunkers the Meteoran Shapeshifter began the quest for the
                  | Orb.
     0 | D:1      | Reached XP level 1. HP: 16/16 MP: 2/2
    64 | D:1      | Reached skill level 4 in Unarmed Combat
    64 | D:1      | Reached XP level 2. HP: 23/23 MP: 3/3
   226 | D:1      | Reached XP level 3. HP: 28/28 MP: 4/4
   277 | D:2      | Reached XP level 4. HP: 16/35 MP: 5/5
   287 | D:2      | Reached skill level 5 in Unarmed Combat
   320 | D:2      | Found an iron altar of Okawaru.
   327 | D:2      | Became a worshipper of Warmaster Okawaru
   385 | D:2      | Reached XP level 5. HP: 34/40 MP: 6/6
   497 | D:3      | Noticed an ogre
   504 | D:3      | Killed an ogre
   505 | D:3      | Reached skill level 6 in Unarmed Combat
   505 | D:3      | Reached XP level 6. HP: 47/47 MP: 7/7
   522 | D:3      | Reached skill level 5 in Shapeshifting
   651 | D:3      | Reached * piety under Okawaru
   652 | D:3      | Reached skill level 7 in Unarmed Combat
   898 | D:4      | Reached XP level 7. HP: 52/52 MP: 8/8
   971 | D:4      | Found a staircase to the Ecumenical Temple.
   979 | D:4      | You fall into a shaft and drop 2 floors!
  1061 | D:6      | Reached skill level 1 in Invocations
  1071 | D:6      | Reached skill level 8 in Unarmed Combat
  1239 | D:6      | Reached ** piety under Okawaru
  1280 | D:6      | Reached XP level 8. HP: 45/59 MP: 10/10
  1513 | D:6      | Reached skill level 9 in Unarmed Combat
  1557 | D:6      | Found Indra's Dragon-Slaying Spoils.
  1725 | D:7      | Reached *** piety under Okawaru
  1754 | D:7      | HP: 3/62 [gnoll/+0 spear[a gnoll bouda] (3)]
  1758 | D:7      | Gained mutation: You passively map the area around you.
                  | [Meteoran growth]
  1758 | D:7      | Reached XP level 9. HP: 22/68 MP: 12/12
  1808 | D:7      | Noticed an ice devil
  1811 | D:7      | Noticed a freezing wraith
  1822 | D:7      | Slain by an ice devil

Illustrated notes

Levels and vault maps discovered:
D:1:      erik_arrival_cave_to_civilisation [erik_arrival_cave_to_hall],
          layout_basic, minmay_tromino_i4
D:2:      layout_basic, basic_altar
D:3:      layout_rooms
D:4:      layout_cave_pools, minmay_temple_entry_arrows
D:6:      layout_basic, nicolae_shop_dragon_depot, serial_bayou_ford_a,
          solitary_fountain
D:7:      layout_basic, nrook_uturn, hellmonk_guarded_unrand_frostbite

Skill      XL: |  1  2  3  4  5  6  7  8 |
---------------+-------------------------+-----
Unarmed Combat | 4 5 6 7 8 9 |  9.3
Shapeshifting  | 4 5 6 |  6.6
Invocations    | 2 3 |  3.7
Fighting       | 2 |  2.7
Dodging        | 3 |  3.4

Action                     |  1- 3 |  4- 6 |  7- 9 || total
---------------------------+-------+-------+-------++-------
  Melee: Unarmed           |    44 |    89 |   155 ||   288
         Punch             |     1 |     3 |     4 ||     8
 Invoke: Heroism           |       |       |     1 ||     1
    Use: Scroll            |       |     7 |     1 ||     8
         Potion            |       |       |     1 ||     1
 Armour: Animal skin       |     3 |       |       ||     3
         Ring mail         |    14 |       |       ||    14
         Scale mail        |     7 |    53 |    94 ||   154
         Chain mail        |     1 |       |       ||     1
  Dodge: Dodged            |    28 |    47 |    64 ||   139
  Block: Other             |       |       |     7 ||     7

Table legend: (Time is in decaauts)
 A = Elapsed time spent in this place.
 B = Non-inter-level travel time spent in this place.
 C = Inter-level travel time spent in this place.
 D = Time resting spent in this place.
 E = Time spent auto-exploring this place.
 F = Levels seen in this place.
 G = Mean time per level.
                   A        B        C        D        E       F      G
               +--------+--------+--------+--------+--------+-----+--------+
         Total |   1789 |   1687 |    102 |      1 |    900 |   6 |  298.2 |
       Dungeon |   1789 |   1687 |    102 |      1 |    900 |   6 |  298.2 |
               +--------+--------+--------+--------+--------+-----+--------+

Top non-repeatable levels by time:
     D:6: 640 daAuts
     D:3: 386 daAuts
     D:1: 277 daAuts
     D:2: 212 daAuts
     D:7: 186 daAuts
     D:4: 85 daAuts
